 Dungeon Crawl Stone Soup version 0.20.0-14-g326068f (webtiles) character file.

760 skittles the Firebug (level 7, -3/50 HPs)
             Began as a Yellow Draconian Fire Elementalist on June 8, 2017.
             Slain by Duvessa
             ... wielding a +0 short sword
              (7 damage)
             ... on level 3 of the Dungeon.
             The game lasted 00:13:25 (5677 turns).

skittles the Firebug (DrFE)                         Turns: 5677, Time: 00:13:26

Health: -3/50      AC:  6    Str: 11    XL:     7   Next: 50%
Magic:  10/10      EV: 12    Int: 17    God:
Gold:   186        SH:  0    Dex: 14    Spells: 2/10 levels left

rFire    . . .     SeeInvis .   c - +0 hand axe (chop)
rCold    . . .     Gourm    .   (no shield)
rNeg     + . .     Faith    .   (armour unavailable)
rPois    .         Spirit   .   (helmet restricted)
rElec    .         Reflect  .   (no cloak)
rCorr    +         Harm     .   (no gloves)
MR       .....                  (no boots)
Stlth    ++........             (no amulet)
Regen    0.2/turn               p - ring of positive energy
MPRegen  0.2/turn               u - +3 ring of dexterity

@: berserk cooldown
A: spit acid, acid resistance, unfitting armour, cold-blooded, AC +6
a: Breathe Acid


You were on level 3 of the Dungeon.
You were very hungry.

You visited 1 branch of the dungeon, and saw 4 of its levels.

You collected 186 gold pieces.

Inventory:

Hand Weapons
 c - a +0 hand axe of chopping (weapon)
 h - a +0 spear
Jewellery
 p - a ring of positive energy (left hand)
 u - a +3 ring of dexterity (right hand)
Wands
 q - a wand of iceblast (8/15)
 z - a wand of random effects (36/48)
Scrolls
 e - 4 scrolls of remove curse {unknown}
 g - 2 scrolls of identify {unknown}
 i - a scroll of recharging {unknown}
 n - a scroll of immolation {unknown}
 o - 2 scrolls of magic mapping {unknown}
 r - a scroll of amnesia {unknown}
 v - a scroll of fear {unknown}
 w - 2 scrolls of teleportation {unknown}
 x - a scroll of enchant armour {unknown}
 y - a scroll of fog {unknown}
 A - a scroll of blinking {unknown}
Potions
 m - 2 potions of berserk rage
 s - a potion of might {unknown}
 t - a potion of agility {unknown}
Books
 a - a book of Flames

   Spells                             Type                      Level
   a - Flame Tongue                   Conjuration/Fire             1
   b - Throw Flame                    Conjuration/Fire             2
   c - Conjure Flame                  Conjuration/Fire             3
   d - Inner Flame                    Hexes/Fire                   3
   e - Sticky Flame                   Conjuration/Fire             4
   f - Fireball                       Conjuration/Fire             5
Comestibles
 b - 4 bread rations
 j - a fruit
 l - a meat ration


   Skills:
 - Level 1.7 Dodging
 - Level 1.7 Stealth
 - Level 2.0 Spellcasting
 + Level 5.8 Conjurations
 + Level 6.7 Fire Magic


You had 2 spell levels left.
You knew the following spells:

 Your Spells              Type           Power        Failure   Level  Hunger
a - Flame Tongue          Conj/Fire      ###..        1%          1    #......
b - Conjure Flame         Conj/Fire      ###.....     4%          3    ###....
c - Sticky Flame          Conj/Fire      ###.....     14%         4    #####..


Dungeon Overview and Level Annotations

Branches:
Dungeon (4/15)
 Temple: D:4-7

Altars:
Yredelemnul

Annotations:
D:3 Duvessa


Innate Abilities, Weirdness & Mutations

You can spit globs of acid.
You are resistant to acid.
Your golden yellow scales are hard. (AC +6)
You cannot fit into any form of body armour.
You are cold-blooded and may be slowed by cold attacks.


Message History

Duvessa hits you with a short sword.
* * * LOW HITPOINT WARNING * * *
You are too berserk!
You feel a strong urge to attack something.
Duvessa burns!
Duvessa rages.
Duvessa burns!
You feel your anger subside.
You are no longer berserk.
You are exhausted.
You feel yourself slow down.
It was a potion of magic.
Magic courses through your body.
Duvessa burns! x2
Duvessa stops burning.
Duvessa closely misses you. x2
It was a potion of lignification.
You turn into a tree.
Your roots penetrate the ground.
Duvessa hits you but does no damage. x2
It was a potion of cancellation.
Your magical effects are unravelling.
You feel magically purged.
You feel less wooden.
You feel yourself speed up. Duvessa closely misses you.
Duvessa hits you with a short sword!
You die...

######.# #......)..((..(..## #.#
#.##...(.##........ #.#
##.##....)##.......# ######.#####
#..................# ...........#
#..###...###.......# .#####.###.#
#.....#.## #........ .# #.# #.#
#.###.#.####.......# .#
##.###.###.#................# .#
#..........#@###[####.......# .#
#........r..e# #...###.###.## .#
#.#.##.##.##.###.............
.####.#.##.##.##.>.........>##...
........)<.##.####.##.......##..#
#####.#.#####.# #.##..###.###..#
#.#.# #.####(##..##........ #.#.#
#.............#.###.# #.#.#
########........###.#


You could see Duvessa (berserk) and a rat.

Vanquished Creatures
  3 ogres (D:4)
  The ghost of maniacrov the Firebug, an amateur DEFE (D:3)
  Dowan (D:4)
  2 orc priests (D:4)
  2 orc wizards (D:3)
  Jessica (D:2)
  2 worker ants (D:4)
  Robin (D:2)
  3 gnolls (D:4)
  5 adders
  An ooze (D:3)
  An adder skeleton (D:4)
  2 worms (D:3)
  A dart slug (D:3)
  3 leopard geckos (D:3)
  9 orcs
  5 bats
  6 giant cockroaches
  2 gnoll zombies (D:2)
  15 goblins
  6 hobgoblins
  6 jackals (D:1)
  A quokka (D:3)
  2 ball pythons
  8 frilled lizards
  7 kobolds
  10 rats
106 creatures vanquished.

Notes
Turn   | Place    | Note
-------+----------+-------------------------------------------
     0 | D:1      | skittles the Draconian Fire Elementalist began the quest for the Orb.
     0 | D:1      | Reached XP level 1. HP: 14/14 MP: 3/3
   285 | D:1      | Reached XP level 2. HP: 13/20 MP: 1/5
   830 | D:2      | Noticed Jessica
   837 | D:2      | Killed Jessica
   837 | D:2      | Reached XP level 3. HP: 24/26 MP: 1/6
   867 | D:2      | Noticed Robin
   908 | D:2      | Killed Robin
   908 | D:2      | Reached XP level 4. HP: 16/33 MP: 3/7
   913 | D:2      | Reached skill level 4 in Fire Magic
  2022 | D:2      | Found a basalt altar of Yredelemnul.
  2341 | D:3      | Noticed maniacrov's ghost (amateur DEFE)
  2423 | D:2      | Learned a level 3 spell: Conjure Flame
  2772 | D:3      | Reached XP level 5. HP: 14/38 MP: 5/8
  3087 | D:3      | Killed maniacrov's ghost
  3087 | D:3      | Reached skill level 5 in Fire Magic
  3321 | D:3      | Reached XP level 6. HP: 37/45 MP: 9/9
  3891 | D:4      | HP: 1/45 [ogre/giant club (28)]
  3942 | D:4      | Noticed Dowan
  3943 | D:4      | Noticed Duvessa
  4186 | D:3      | Learned a level 4 spell: Sticky Flame
  4396 | D:4      | Killed Dowan
  4484 | D:4      | Reached skill level 6 in Fire Magic
  4726 | D:4      | Reached skill level 5 in Conjurations
  4734 | D:4      | Your scales start taking on a golden yellow colour.
  4734 | D:4      | Reached XP level 7. HP: 45/50 MP: 5/10
  5677 | D:3      | Slain by Duvessa

Skill      XL: |  1  2  3  4  5  6 |
---------------+-------------------+-----
Conjurations   | 2 3 4 5 |  5.8
Fire Magic     | 4 5 6 |  6.7
Dodging        | |  1.7
Stealth        | |  1.7
Spellcasting   | |  2.0

Action                   |  1- 3 |  4- 6 |  7- 9 || total
-------------------------+-------+-------+-------++-------
Melee: Hand axe          |    64 |   176 |    13 ||   253
       Tailslap          |     2 |    12 |     1 ||    15
 Cast: Flame Tongue      |    13 |    54 |    11 ||    78
       Sticky Flame      |       |     4 |     7 ||    11
       Conjure Flame     |       |     2 |       ||     2
  Use: Potion            |       |       |     4 ||     4
 Stab: Sleeping          |     1 |     1 |       ||     2
       Distracted        |       |     1 |       ||     1
  Eat: Chunk             |       |    11 |     4 ||    15
       Fruit             |       |     4 |       ||     4
Armor: Skin              |    15 |    80 |    10 ||   105
Dodge: Dodged            |    66 |   168 |    17 ||   251
